 Dungeon Crawl Stone Soup version 0.30-a0-600-gb7c8574cbb (webtiles) character file.

Game seed: 1043765928715724899

847 Decipherer the Cudgeller (level 7, -1/63 HPs)
             Began as a Minotaur Berserker on Jan 7, 2023.
             Was a Priest of Trog.
             Slain by a kobold
             ... wielding a +0 whip of distortion
              (19 damage)
             ... on level 3 of the Dungeon.
             The game lasted 00:06:18 (3356 turns).

Decipherer the Cudgeller (Minotaur Berserker)       Turns: 3356, Time: 00:06:18

Health: -1/63      AC:  6    Str: 28    XL:     7   Next: 68%
Magic:  4/6        EV: 13    Int:  4    God:    Trog [***...]
Gold:   61         SH:  0    Dex: 15    Spells: 6/6 levels left

rFire   . . .      SeeInvis .    a - +0 mace
rCold   + . .      Faith    .    (no shield)
rNeg    . . .      Spirit   .    s - +0 ring mail "Zayruwy" {rElec Str+4 Dex+6 Slay-3}
rPois   .          Reflect  .    (helmet restricted)
rElec   +          Harm     .    (no cloak)
rCorr   .          Rampage  .    (no gloves)
Will    .....                    (no boots)
Stlth   +                        (no amulet)
HPRegen 0.30/turn                i - ring of protection from cold
MPRegen 0.10/turn                (no ring)

@: on berserk cooldown, slowed, very slow
A: horns 2, retaliatory headbutt
a: Renounce Religion, Berserk, Trog's Hand


You were on level 3 of the Dungeon.
You worshipped Trog.
Trog was most pleased with you.
You visited 1 branch of the dungeon, and saw 3 of its levels.
You also visited: Sewer.

You collected 118 gold pieces.
You spent 57 gold pieces at shops.

Inventory:

Hand Weapons
 a - a +0 mace (weapon)
Missiles
 g - 4 datura-tipped darts
 n - 2 curare-tipped darts
 w - 6 silver javelins
Armour
 s - the +0 ring mail "Zayruwy" (worn) {rElec Str+4 Dex+6 Slay-3}
   (You found it in a sewer)

   Str:       It affects your strength (+4).
   Dex:       It affects your dexterity (+6).
   Slay:      It affects your accuracy & damage with ranged weapons and melee
   (-3).
   rElec:     It insulates you from electricity.
 u - a +0 plate armour
Jewellery
 i - a ring of protection from cold (left hand)
Scrolls
 b - a scroll of fear
 e - 4 scrolls of identify {unknown}
 h - 2 scrolls of amnesia {unknown}
 j - a scroll of blinking {unknown}
 q - a scroll of fog {unknown}
 v - a scroll of teleportation {unknown}
 x - a scroll of magic mapping {unknown}
Potions
 c - a potion of curing
 d - a potion of brilliance {unknown}
 f - 4 potions of resistance {unknown}
 m - a potion of heal wounds
 o - a potion of mutation {unknown}
 p - 2 potions of haste {unknown}
 r - 2 potions of ambrosia {unknown}
 t - 2 potions of invisibility {unknown}


   Skills:
 + Level 6.1 Fighting
 + Level 7.3 Maces & Flails
 + Level 5.1 Armour
 + Level 4.3 Dodging
 + Level 1.1 Stealth


You had 6 spell levels left.
You didn't know any spells.
Your spell library contained the following spells:

 Spells                   Type           Power      Damage    Failure   Level
 Slow                     Hex            0%         N/A       63%         1
 Confusing Touch          Hex            0%         N/A       94%         3
 Vampiric Draining        Necr           0%         2d6       94%         3


Dungeon Overview and Level Annotations

Branches:
Dungeon (3/15)              Sewer (visited)

Altars:

Shops:
D:2 ([*


Innate Abilities, Weirdness & Mutations

You have a pair of horns on your head.
You reflexively headbutt those who attack you in melee.


Message History

The kobold brigand misses you. You furiously retaliate!
You headbutt the kobold brigand!!
You kill the kobold brigand!
Trog accepts your kill.
Your Armour skill increases to level 5!
The kobold attacks as you move away! The kobold barely misses you.
It was a potion of curing.
You feel better. The kobold completely misses you.
The kobold throws a stone.
The stone hits you but does no damage.
You sock the kobold!
You kill the kobold!
Trog accepts your kill.
The kobold seems to regain its courage.
The kobold hits you with a +0 whip of distortion.
You blink.
The kobold attacks as you move away! The kobold hits you but does no damage.
The kobold barely misses you. The kobold misses you. You furiously retaliate!
You headbutt the kobold!
You kill the kobold!
Trog accepts your kill.
You closely miss the kobold. The kobold misses you. You furiously retaliate!
You headbutt the kobold!
You kill the kobold!
Trog accepts your kill. The kobold hits you with a +0 whip.
The kobold hits you with a +0 whip of distortion.
Space warps horribly around you!
* * * LOW HITPOINT WARNING * * *
The kobold completely misses you.
You feel better.
You feel a little less mighty now. The kobold closely misses you.
The kobold hits you but does no damage. The kobold barely misses you.
You barely miss the kobold. Your headbutt misses the kobold.
The kobold hits you with a +0 whip.
* * * LOW HITPOINT WARNING * * *
The kobold barely misses you. The kobold hits you with a +0 whip.
* * * LOW HITPOINT WARNING * * *
You feel better. The kobold hits you but does no damage.
Space warps horribly around you!!
You die...

.#### ###...# #.<........# ....#
#.....########.###.##.# ###.##
#..............# #.##.#
##...######.#.##..######## #.##.#
....<.......#.##.##~⌠~## #.##.#
.#...#####....##.#.....# #.##.#
...........#.))..'.###..# #.##.#
.#...#####...##K)K......# #.##..
.....# ##.####@'.###..# #.####
.....# #.# #.#.....# #.# # ~....#
##.## #.##~⌠~######.#### ~~..##
##...###..#####..........
~~..#####.#.#.######..........##.
~~............................##.
~....####.#.#...####.#.######.##.
....## ##...#..# #.#.# #.......
....#######.##..# #.#.# #...=...


You could see 2 kobolds.

Vanquished Creatures
  Grinder (Sewer)
  The ghost of Citaku the Covered, an amateur MiFi (D:3)
  3 kobold brigands
  A necrophage (Sewer)
  An orc priest (D:3)
  An orc wizard (D:3)
  2 river rats (D:3)
  5 adders
  3 shadow imps (Sewer)
  An ufetubus (Sewer)
  A worm (D:3)
  2 dart slugs (D:1)
  3 orcs (D:3)
  8 ball pythons
  9 bats
  5 endoplasms
  5 giant cockroaches
  5 goblins
  4 hobgoblins
  4 jackals (D:3)
  2 quokkas (D:1)
  4 frilled lizards
  A giant cockroach zombie (Sewer)
  27 kobolds
  A kobold zombie (Sewer)
  8 rats
108 creatures vanquished.

Vanquished Creatures (others)
  3 fungi (D:3)
  7 plants
10 creatures vanquished.

Grand Total: 118 creatures vanquished

Notes
Turn   | Place    | Note
-------+----------+-------------------------------------------
     0 | D:1      | Decipherer the Minotaur Berserker began the quest for the
                  | Orb.
     0 | D:1      | Reached XP level 1. HP: 19/19 MP: 0/0
   135 | D:1      | Reached XP level 2. HP: 14/27 MP: 1/1
   241 | D:1      | Reached skill level 4 in Maces & Flails
   738 | D:1      | Reached XP level 3. HP: 18/33 MP: 2/2
   893 | D:1      | Reached ** piety under Trog
  1253 | D:2      | Found Xuewaah's Antique Weapon Shoppe.
  1294 | D:2      | Found Jedwiomp's Antique Armour Emporium.
  1696 | D:2      | Found Xeoheeso's Assorted Antiques.
  1700 | D:2      | Bought a glowing golden potion for 18 gold pieces
  1700 | D:2      | Bought a fizzy brown potion for 18 gold pieces
  1700 | D:2      | Bought a scroll labelled CONLOD NYCO for 21 gold pieces
  2001 | D:3      | Reached XP level 4. HP: 34/41 MP: 3/3
  2039 | D:3      | Found a glowing drain.
  2061 | Sewer    | Entered a sewer
  2194 | Sewer    | Reached skill level 5 in Maces & Flails
  2212 | Sewer    | Found an ancient bone altar of Kikubaaqudgha.
  2212 | Sewer    | Noticed a kobold brigand
  2222 | Sewer    | Killed a kobold brigand
  2223 | Sewer    | Reached skill level 5 in Fighting
  2223 | Sewer    | Reached XP level 5. HP: 48/48 MP: 4/4
  2249 | Sewer    | Noticed Grinder
  2254 | Sewer    | Paralysed by Grinder for 4 turns
  2269 | Sewer    | Killed Grinder
  2270 | Sewer    | Reached skill level 6 in Maces & Flails
  2270 | Sewer    | Reached XP level 6. HP: 40/56 MP: 5/5
  2326 | Sewer    | Reached skill level 1 in Stealth
  2340 | Sewer    | Identified the +0 ring mail "Zayruwy" {rElec Str+4 Dex+6
                  | Slay-3}
  2365 | Sewer    | Reached XP level 7. HP: 16/62 MP: 6/6
  2639 | D:3      | Found a runed translucent gate.
  2639 | D:3      | Found a runed translucent gate.
  2639 | D:3      | Found a runed translucent gate.
  2645 | D:3      | Noticed Citaku's ghost (amateur MiFi)
  3081 | D:3      | Reached *** piety under Trog
  3340 | D:3      | Killed Citaku's ghost
  3341 | D:3      | Reached skill level 7 in Maces & Flails
  3349 | D:3      | Reached skill level 5 in Armour
  3356 | D:3      | Slain by a kobold

Illustrated notes

Levels and vault maps discovered:
D:1:      mrwooster_arrival_statue, layout_basic, hangedman_glass_teeth,
          nrook_uturn, lexackson_kobold_supper
D:2:      layout_basic, serial_shops, shop_statue, shop, shop
D:3:      layout_loops_ring, portal_sewer_entry_a, gammafunk_ghost_nasty_kobolds

Skill      XL: |  1  2  3  4  5  6  7 |
---------------+----------------------+-----
Maces & Flails | 4 5 6 7 |  7.3
Fighting       | 4 5 6 |  6.1
Dodging        | 3 4 |  4.3
Armour         | 3 4 5 |  5.1
Stealth        | 1 |  1.1

Action                   |  1- 3 |  4- 6 |  7- 9 || total
-------------------------+-------+-------+-------++-------
Melee: Mace              |   113 |    65 |    81 ||   259
       Headbutt          |    26 |    15 |    13 ||    54
       Punch             |       |       |     5 ||     5
Invok: Berserk           |       |     2 |     1 ||     3
       Trog's Hand       |       |     1 |       ||     1
  Use: Potion            |       |       |     4 ||     4
       Scroll            |       |       |     1 ||     1
Armor: Animal skin       |    16 |       |       ||    16
       Ring mail         |       |    28 |    29 ||    57
Dodge: Dodged            |    56 |    57 |    72 ||   185

Table legend: (Time is in decaauts)
 A = Elapsed time spent in this place.
 B = Non-inter-level travel time spent in this place.
 C = Inter-level travel time spent in this place.
 D = Time resting spent in this place.
 E = Time spent auto-exploring this place.
 F = Levels seen in this place.
 G = Mean time per level.
                   A        B        C        D        E       F      G
               +--------+--------+--------+--------+--------+-----+--------+
         Total |   3430 |   3306 |    124 |      0 |   2523 |   4 |  857.5 |
       Dungeon |   2839 |   2715 |    124 |      0 |   2145 |   3 |  946.3 |
         Sewer |    590 |    590 |      0 |      0 |    377 |   1 |  590.0 |
               +--------+--------+--------+--------+--------+-----+--------+

Top non-repeatable levels by time:
     D:1: 1256 daAuts
     D:3: 826 daAuts
     D:2: 757 daAuts
   Sewer: 590 daAuts
